 Dungeon Crawl Stone Soup version 0.28.0-43-g3370ac3207 (webtiles) character file.

Game seed: 10205309394559789484

560 DearestLeader the Shield-Bearer (level 7, -6/60 HPs)
             Began as a Gnoll Fighter on Mar 28, 2022.
             Mangled by an ogre
             ... wielding a +0 giant club
              (13 damage)
             ... on level 5 of the Dungeon.
             The game lasted 00:05:57 (5024 turns).

DearestLeader the Shield-Bearer (Gnoll Fighter)     Turns: 5024, Time: 00:05:58

Health: -6/60      AC: 11    Str: 17    XL:     7   Next: 31%
Magic:  10/10      EV: 10    Int:  7    God:
Gold:   142        SH:  5    Dex: 12    Spells: 10/10 levels left

rFire   . . .      SeeInvis .   a - +0 war axe
rCold   . . .      Faith    .   c - +0 buckler
rNeg    . . .      Spirit   .   b - +0 scale mail
rPois   .          Reflect  .   (no helmet)
rElec   .          Harm     .   (no cloak)
rCorr   .          Rampage  .   (no gloves)
Will    .....                   (no boots)
Stlth   +.........              (no amulet)
HPRegen 0.20/turn               f - +4 ring of protection
MPRegen 0.12/turn               (no ring)

@: no status effects
A: fangs 1, strong nose, distributed training
a: no special abilities


You were on level 5 of the Dungeon.
You visited 1 branch of the dungeon, and saw 5 of its levels.

You collected 142 gold pieces.

Inventory:

Hand Weapons
 a - a +0 war axe (weapon)
 q - a +0 hand crossbow
Missiles
 r - 14 bolts
Armour
 b - a +0 scale mail (worn)
 c - a +0 buckler (worn)
Jewellery
 f - a +4 ring of protection (left hand)
Wands
 k - a wand of polymorph (4)
Scrolls
 i - 3 scrolls of blinking {unknown}
 l - a scroll of teleportation {unknown}
 m - a scroll of immolation {unknown}
 n - 2 scrolls of identify {unknown}
 o - a scroll of brand weapon {unknown}
Potions
 d - a potion of might
 e - a potion of invisibility {unknown}
 g - 2 potions of flight {unknown}
 h - a potion of magic {unknown}
 j - 2 potions of heal wounds {unknown}
 p - 2 potions of haste {unknown}


   Skills:
 + Level 7.0 Fighting
 + Level 2.4 Short Blades
 + Level 2.4 Long Blades
 + Level 5.2 Axes
 + Level 2.4 Maces & Flails
 + Level 2.4 Polearms
 + Level 2.4 Staves
 + Level 2.4 Slings
 + Level 2.4 Bows
 + Level 2.4 Crossbows
 + Level 2.4 Throwing
 + Level 7.0 Armour
 + Level 2.4 Dodging
 + Level 2.4 Stealth
 + Level 7.0 Shields
 + Level 2.4 Unarmed Combat
 + Level 2.4 Spellcasting
 + Level 2.0 Conjurations
 + Level 2.0 Hexes
 + Level 2.0 Summonings
 + Level 2.0 Necromancy
 + Level 2.0 Translocations
 + Level 2.0 Transmutations
 + Level 2.0 Fire Magic
 + Level 2.0 Ice Magic
 + Level 2.0 Air Magic
 + Level 2.0 Earth Magic
 + Level 2.0 Poison Magic
 + Level 2.6 Invocations
 + Level 2.4 Evocations


You had 10 spell levels left.
You didn't know any spells.
Your spell library contained the following spells:

 Spells                   Type           Power      Damage    Failure   Level
 Ensorcelled Hibernation  Hex/Ice        6%         N/A       65%         2
 Call Canine Familiar     Summ           3%         N/A       87%         3
 Portal Projectile        Hex/Tloc       6%         N/A       87%         3
 Spider Form              Tmut/Pois      3%         N/A       87%         3
 Anguish                  Hex/Necr       1%         N/A       99%         4
 Leda's Liquefaction      Hex/Erth       1%         N/A       99%         4


Dungeon Overview and Level Annotations

Branches:
Dungeon (5/15)
 Temple: D:4-7

Altars:
Ashenzari
Gozag

Shops:
D:5 [


Innate Abilities, Weirdness & Mutations

You have very sharp teeth.
Your uncanny sense of smell can sniff out nearby items.
Your experience applies equally to all skills.


Message History

The gnoll hits you with a +0 club. The gnoll barely misses you.
You barely miss the gnoll. Your bite misses the gnoll.
The gnoll is severely wounded.
The gnoll hits you but does no damage.
You slash the gnoll!
You kill the gnoll!
Your Conjurations skill increases to level 2!
Your Hexes skill increases to level 2!
Your Summonings skill increases to level 2!
Your Necromancy skill increases to level 2!
Your Translocations skill increases to level 2!
Your Transmutations skill increases to level 2!
Your Fire Magic skill increases to level 2!
Your Ice Magic skill increases to level 2!
Your Air Magic skill increases to level 2!
Your Earth Magic skill increases to level 2!
Your Poison Magic skill increases to level 2!
An ogre comes into view. It is wielding a +0 giant club.
You see here a +0 club.
You barely miss the ogre.
The ogre hits you with a +0 giant club!!
You are too injured to fight recklessly!
You hit the ogre. Your bite misses the ogre.
The ogre is lightly wounded.
The ogre hits you with a +0 giant club.
You hit the ogre.
The ogre is lightly wounded.
The ogre misses you.
You slash the ogre!
The ogre is heavily wounded.
The ogre hits you with a +0 giant club.
* * * LOW HITPOINT WARNING * * *
You barely miss the ogre.
The ogre is heavily wounded.
The ogre hits you with a +0 giant club!
* * * LOW HITPOINT WARNING * * *
You slash the ogre!
The ogre is severely wounded.
The ogre hits you with a +0 giant club!
You die...

.. ..##### #..
.....## . #...
.....###.#
#....##........#
#....(.......####
#<)............
##)###......... ∆
#))# ...... ##@##
.#.... #.O###...#
##.......##
##........##g
#............
#.......:....
#............
#............
#...>........∩


You could see an ogre.

Vanquished Creatures
  A scorpion (D:4)
  A centaur zombie (D:5)
  An orc priest (D:4)
  2 centaur skeletons
  2 iguanas (D:4)
  3 orc wizards (D:4)
  8 gnolls
  6 adders
  3 worms
  3 dart slugs (D:2)
  13 orcs
  4 ball pythons
  2 bats
  8 endoplasms
  12 goblins
  9 hobgoblins
  11 kobolds
  7 quokkas
  3 frilled lizards
  2 rats (D:1)
101 creatures vanquished.

Vanquished Creatures (others)
  6 plants (D:3)
6 creatures vanquished.

Grand Total: 107 creatures vanquished

Notes
Turn   | Place    | Note
-------+----------+-------------------------------------------
     0 | D:1      | DearestLeader the Gnoll Fighter began the quest for the
                  | Orb.
     0 | D:1      | Reached XP level 1. HP: 23/23 MP: 1/1
   346 | D:1      | Reached XP level 2. HP: 29/29 MP: 2/2
   723 | D:2      | Reached XP level 3. HP: 28/35 MP: 3/3
   969 | D:2      | Reached skill level 1 in Invocations
  1348 | D:2      | Reached skill level 1 in Short Blades
  1348 | D:2      | Reached skill level 1 in Long Blades
  1348 | D:2      | Reached skill level 1 in Maces & Flails
  1348 | D:2      | Reached skill level 1 in Polearms
  1348 | D:2      | Reached skill level 1 in Staves
  1348 | D:2      | Reached skill level 1 in Slings
  1348 | D:2      | Reached skill level 1 in Bows
  1348 | D:2      | Reached skill level 1 in Crossbows
  1348 | D:2      | Reached skill level 1 in Throwing
  1348 | D:2      | Reached skill level 1 in Dodging
  1348 | D:2      | Reached skill level 1 in Stealth
  1348 | D:2      | Reached skill level 1 in Unarmed Combat
  1348 | D:2      | Reached skill level 1 in Spellcasting
  1348 | D:2      | Reached skill level 1 in Evocations
  1578 | D:2      | Reached XP level 4. HP: 41/41 MP: 5/5
  1870 | D:3      | Found an opulent altar of Gozag.
  2036 | D:2      | Reached skill level 1 in Conjurations
  2036 | D:2      | Reached skill level 1 in Hexes
  2036 | D:2      | Reached skill level 1 in Summonings
  2036 | D:2      | Reached skill level 1 in Necromancy
  2036 | D:2      | Reached skill level 1 in Translocations
  2036 | D:2      | Reached skill level 1 in Transmutations
  2036 | D:2      | Reached skill level 1 in Fire Magic
  2036 | D:2      | Reached skill level 1 in Ice Magic
  2036 | D:2      | Reached skill level 1 in Air Magic
  2036 | D:2      | Reached skill level 1 in Earth Magic
  2036 | D:2      | Reached skill level 1 in Poison Magic
  2339 | D:3      | Reached XP level 5. HP: 47/47 MP: 6/6
  3124 | D:3      | Found a faded altar of an unknown god.
  3697 | D:4      | Reached XP level 6. HP: 33/53 MP: 8/8
  4043 | D:4      | Reached skill level 5 in Axes
  4711 | D:4      | Found a broken altar of Ashenzari.
  4748 | D:4      | Reached XP level 7. HP: 53/59 MP: 10/10
  4965 | D:5      | Entered Level 5 of the Dungeon
  4980 | D:5      | Found Olixit's Armour Shop.
  5024 | D:5      | Mangled by an ogre

Illustrated notes

Levels and vault maps discovered:
D:1:      amcnicky_arrival_abandoned_market, layout_loops_ring
D:2:      layout_loops_corners
D:3:      minmay_octagon_keep, layout_basic, mainiacjoe_overflow_alcove_2,
          serial_glass, glass_columns_c, glass_columns_a,
          dreamdust_ecumenical_altar_angels_and_demons, guppyfry_early_lair_pool
D:4:      layout_loops_ring, mainiacjoe_overflow_paths,
          hangedman_abyss_or_decor_stabs, kennysheep_generic_room_4
D:5:      layout_rooms, mainiacjoe_overflow_tiny_flanked,
          mainiacjoe_overflow_big_doors, temple_green, serial_shops, shop,
          doesnt_shop_hydraphobe

Skill      XL: |  1  2  3  4  5  6  7 |
---------------+----------------------+-----
Invocations    | 1 2 |  2.6
Short Blades   | 1 2 |  2.4
Long Blades    | 1 2 |  2.4
Maces & Flails | 1 2 |  2.4
Polearms       | 1 2 |  2.4
Staves         | 1 2 |  2.4
Slings         | 1 2 |  2.4
Bows           | 1 2 |  2.4
Crossbows      | 1 2 |  2.4
Throwing       | 1 2 |  2.4
Dodging        | 1 2 |  2.4
Stealth        | 1 2 |  2.4
Unarmed Combat | 1 2 |  2.4
Spellcasting   | 1 2 |  2.4
Evocations     | 1 2 |  2.4
Conjurations   | 1 2 |  2.0
Hexes          | 1 2 |  2.0
Summonings     | 1 2 |  2.0
Necromancy     | 1 2 |  2.0
Translocations | 1 2 |  2.0
Transmutations | 1 2 |  2.0
Fire Magic     | 1 2 |  2.0
Ice Magic      | 1 2 |  2.0
Air Magic      | 1 2 |  2.0
Earth Magic    | 1 2 |  2.0
Poison Magic   | 1 2 |  2.0
Axes           | 5 |  5.2
Fighting       | 7 |  7.0
Armour         | 7 |  7.0
Shields        | 7 |  7.0

Action                   |  1- 3 |  4- 6 |  7- 9 || total
-------------------------+-------+-------+-------++-------
Melee: War axe           |   101 |   248 |    36 ||   385
       Bite              |     7 |    33 |     3 ||    43
Armor: Scale mail        |    47 |   124 |    21 ||   192
Dodge: Dodged            |    44 |    92 |    16 ||   152
Block: Buckler           |    30 |    61 |    14 ||   105
